 Dungeon Crawl Stone Soup version 0.20.0-15-g7f486f2 (webtiles) character file.

28 greprep the Insei (level 3, -7/26 HPs)
             Began as a Merfolk Transmuter on June 11, 2017.
             Mangled by a worm (10 damage)
             ... on level 2 of the Dungeon.
             The game lasted 00:04:10 (1270 turns).

greprep the Insei (Merfolk Transmuter)              Turns: 1270, Time: 00:04:11

Health: -7/26      AC:  2    Str: 10    XL:     3   Next: 12%
Magic:  6/6        EV: 13    Int: 13    God:
Gold:   30         SH:  0    Dex: 14    Spells: 5/6 levels left

rFire    . . .     SeeInvis .   l - +0 hand axe (curse)
rCold    . . .     Gourm    .   (no shield)
rNeg     . . .     Faith    .   b - +0 robe
rPois    .         Spirit   .   (no helmet)
rElec    .         Reflect  .   (no cloak)
rCorr    .         Harm     .   (no gloves)
MR       .....                  (no boots)
Stlth    +.........             (no amulet)
Regen    0.1/turn               (no ring)
MPRegen  0.1/turn               (no ring)

@: appendage (expiring), glowing
A: change form in water, swift swim, stealthy swim, horns 2
a: End Transformation


You were on level 2 of the Dungeon.
You were not hungry.
You had grown temporary horns.
You visited 1 branch of the dungeon, and saw 2 of its levels.

You collected 30 gold pieces.

Inventory:

Hand Weapons
 l - a cursed +0 hand axe (weapon)
Missiles
 a - 12 arrows
Armour
 b - a +0 robe (worn)
Scrolls
 g - a scroll of blinking
 k - a scroll of teleportation
Potions
 f - 3 potions of heal wounds {unknown}
Books
 c - a book of Changes

   Spells                             Type                      Level
   a - Beastly Appendage              Transmutation                1
   b - Sticks to Snakes               Transmutation                2
   c - Spider Form                    Transmutation/Poison         3
   d - Ice Form                       Ice/Transmutation            4
   e - Blade Hands                    Transmutation                5
Comestibles
 d - 2 bread rations
 h - a meat ration
 j - 2 fruits


   Skills:
 + Level 1.5 Fighting
 + Level 3.1 Dodging
 + Level 0.2 Stealth
 + Level 4.0 Unarmed Combat
 + Level 2.1 Spellcasting
 + Level 2.6 Transmutations


You had 5 spell levels left.
You knew the following spells:

 Your Spells              Type           Power        Failure   Level  Hunger
a - Beastly Appendage     Tmut           #.....       9%          1    ##.....


Dungeon Overview and Level Annotations

Branches:
Dungeon (2/15)

Altars:
Zin

Annotations:
D:2 exclusion: angel


Innate Abilities, Weirdness & Mutations

You revert to your normal form in water.
You are very nimble and swift while swimming.
You are very stealthy in the water. (Stealth+)
You have a pair of horns on your head.


Message History

You hit the worm but do no damage. The worm bites you.
You hit the worm.
The worm is almost dead.
You hit the worm but do no damage.
Your transformation is almost over.
The worm bites you!
* * * LOW HITPOINT WARNING * * *
You hit the worm. Your headbutt misses the worm.
The worm is almost dead.
You hit the worm but do no damage. The worm closely misses you.
The worm bites you.
* * * LOW HITPOINT WARNING * * *
You hit the worm.
The worm is almost dead.
You hit the worm but do no damage. The worm bites you but does no damage.
The worm misses you.
You hit the worm. Your headbutt misses the worm.
The worm is almost dead.
You hit the worm. The worm bites you!
You die...

#####.# ....#.. ......#
..##### ....#..
.....######## .......
##.....##_..8# .......
##......##...w###.......
#.......##...@w.<...#
####.......####..#)#...#
...#.......##A#.8##....#
...#.......#######.....#
...#.......#######...#.....
....).....................?
...#..........##.....#.....
...#..........###..#.......
...#..........###.# #......


You could see an angel and 2 worms.

Vanquished Creatures
  An ooze (D:2)
  2 dart slugs (D:1)
  A ball python (D:1)
  4 bats (D:1)
  A giant cockroach (D:1)
  2 goblins
  3 hobgoblins
  A frilled lizard (D:1)
  A kobold (D:2)
  A rat (D:1)
17 creatures vanquished.

Notes
Turn   | Place    | Note
-------+----------+-------------------------------------------
     0 | D:1      | greprep the Merfolk Transmuter began the quest for the Orb.
     0 | D:1      | Reached XP level 1. HP: 15/15 MP: 3/3
   314 | D:1      | Reached XP level 2. HP: 17/21 MP: 5/5
   621 | D:1      | Reached skill level 4 in Unarmed Combat
  1230 | D:2      | Found a glowing silver altar of Zin.
  1230 | D:2      | Noticed an angel
  1251 | D:2      | Reached XP level 3. HP: 19/26 MP: 6/6
  1270 | D:2      | Mangled by a worm

Skill      XL: |  1  2 |
---------------+-------+-----
Unarmed Combat | 4 |  4.0
Dodging        | 3 |  3.1
Fighting       | |  1.5
Stealth        | |  0.2
Spellcasting   | |  2.1
Transmutations | |  2.6

Action                   || total
-------------------------++-------
Melee: Unarmed           ||    60
       Hand axe          ||    35
       Headbutt          ||     2
       Punch             ||     1
 Cast: Beastly Appendage ||     4
  Use: Scroll            ||     3
  Eat: Bread ration      ||     1
Armor: Robe              ||    24
Dodge: Dodged            ||    84
